 Dungeon Crawl Stone Soup version 0.26.1-10-gdfb7c7de75 (webtiles) character file.

Game seed: 11587085669234408709

2278 Revguard the Slasher (level 9, -2/65 HPs)
             Began as a Demonspawn Gladiator on Apr 7, 2021.
             Was an Initiate of Okawaru.
             Slain by an orc warrior
             ... wielding a +0 long sword
              (12 damage)
             ... on level 6 of the Dungeon.
             The game lasted 00:20:35 (6891 turns).

Revguard the Slasher (Demonspawn Gladiator)         Turns: 6891, Time: 00:20:36

Health: -2/65      AC: 14    Str: 15    XL:     9   Next: 16%
Magic:  13/13      EV: 17    Int: 11    God:    Okawaru [......]
Gold:   193        SH:  0    Dex: 22    Spells: 14/15 levels left

rFire    . . .     SeeInvis .   a - +1 long sword
rCold    . . .     Faith    .   (no shield)
rNeg     . . .     Spirit   .   f - +1 ring mail
rPois    .         Reflect  .   c - +0 helmet
rElec    .         Harm     .   j - +0 cloak
rCorr    .         Rampage  .   (no gloves)
Will     .....                  h - +0 pair of boots
Stlth    ++........             (no amulet)
HPRegen  0.20/turn              k - +6 ring of dexterity
MPRegen  0.13/turn              p - +4 ring of protection

@: no status effects
A: talons 1, repulsion field 2, low mp 1, miasma immunity
a: Renounce Religion


You were on level 6 of the Dungeon.
You worshipped Okawaru.
Okawaru was noncommittal.
You visited 2 branches of the dungeon, and saw 7 of its levels.
You visited the Abyss 1 time.

You collected 193 gold pieces.

Inventory:

Hand Weapons
 a - a +1 long sword (weapon)
Missiles
 d - 11 throwing nets (quivered)
Armour
 b - a +0 leather armour
 c - a +0 helmet (worn)
 f - a +1 ring mail (worn)
 h - a +0 pair of boots (worn)
 j - a +0 cloak (worn)
Jewellery
 e - a +6 ring of intelligence
 k - a +6 ring of dexterity (left hand)
 p - a +4 ring of protection (right hand)
 t - an uncursed ring of fire
 u - a +6 ring of intelligence
 w - an uncursed amulet of magic regeneration
 x - an uncursed ring of protection from fire
Wands
 m - a wand of iceblast (6)
 q - a wand of polymorph (8)
Scrolls
 g - 4 scrolls of enchant weapon
 i - 6 scrolls of teleportation
 l - 5 scrolls of remove curse
 n - a scroll of fog
 r - a scroll of immolation {unknown}
Potions
 o - 2 potions of brilliance
 s - 2 potions of curing


   Skills:
 + Level 3.7 Fighting
 + Level 6.5 Long Blades
 - Level 1.7 Throwing
 * Level 5.0 Armour
 * Level 5.0 Dodging
 - Level 1.3 Stealth
 * Level 3.9 Spellcasting
 * Level 2.6 Hexes
 * Level 2.0 Invocations
 * Level 2.3 Evocations


You had 14 spell levels left.
You knew the following spells:

 Your Spells              Type           Power        Failure   Level
a - Corona                Hex            7%           16%         1

Your spell library contained the following spells:

 Spells                   Type           Power        Failure   Level
 Animate Skeleton         Necr           4%           41%         1
 Apportation              Tloc           4%           41%         1
 Foxfire                  Conj/Fire      8%           41%         1
 Freeze                   Ice            8%           41%         1
 Pain                     Necr           8%           41%         1
 Summon Small Mammal      Summ           8%           41%         1
 Inner Flame              Hex/Fire       5%           61%         3
 Conjure Flame            Conj/Fire      2%           80%         3
 Frozen Ramparts          Ice            4%           80%         3
 Ozocubu's Armour         Ice            2%           80%         3
 Vampiric Draining        Necr           1%           80%         3
 Animate Dead             Necr           1%           99%         4
 Hailstorm                Conj/Ice       2%           99%         4
 Sticky Flame             Conj/Fire      2%           99%         4
 Summon Ice Beast         Ice/Summ       2%           99%         4
 Agony                    Necr           2%           100%        5
 Fireball                 Conj/Fire      1%           100%        5


Dungeon Overview and Level Annotations

Branches:
Dungeon (6/15)             Temple (1/1) D:5

Altars:
Ashenzari
Dithmenos
Elyvilon
Gozag
Hepliaklqana
Kikubaaqudgha
Nemelex Xobeh
Okawaru
Ru
Sif Muna
Trog
Vehumet
Wu Jian
Zin
The Shining One


Innate Abilities, Weirdness & Mutations

You have sharp toenails.
You are surrounded by a moderate repulsion field. (EV +3)
You are immune to miasma.
Your magical capacity is low. (-10% MP)


Message History

Okawaru accepts your kill. The orc warrior completely misses you.
Your Dodging skill increases to level 5!
Your Invocations skill increases to level 2!
You hit the orc warrior but do no damage.
The orc warrior is heavily wounded.
The orc warrior misses you.
You closely miss the orc warrior.
The orc warrior is heavily wounded.
You closely miss the orc warrior.
The orc warrior is heavily wounded.
The orc warrior hits you with a +0 long sword!
You hit the orc warrior.
The orc warrior is heavily wounded.
The orc warrior hits you with a +0 long sword!
* * * LOW HITPOINT WARNING * * *
You hit the orc warrior but do no damage.
The orc warrior is heavily wounded.
The orc warrior hits you with a +0 long sword!
You die...

#........S....#.
.....#<)#....##
.... #.)#.......
#...##))##.....#
#....##.##..#...
......(.........
#...............
##.....†#......
#....).@#......
##.....)o.<..<.
>...#........).
....#..........
... ..........>
.. ............
.............
..............


You could see an orc warrior.

Vanquished Creatures
  An apocalypse crab (D:3)
  Sigmund (D:2)
  A sky beast (D:5)
  A phantom (D:4)
  An ogre (D:4)
  A centaur (D:5)
  3 gnoll sergeants (D:5)
  A scorpion (D:5)
  A quasit (D:3)
  4 orc priests
  A bullfrog skeleton (D:4)
  8 hounds
  5 orc wizards
  Crazy Yiuf (D:2)
  A gnoll shaman (D:5)
  3 iguanas
  4 worker ants
  24 gnolls
  7 adders
  An ufetubus (D:5)
  3 oozes
  An adder skeleton (D:5)
  A worm (D:4)
  6 dart slugs
  4 leopard geckos
  14 orcs
  12 bats
  5 giant cockroaches
  6 goblins
  7 hobgoblins
  4 jackals
  8 kobolds
  2 quokkas
  2 ball pythons (D:2)
  4 frilled lizards
  A leopard gecko zombie (D:5)
  5 rats
155 creatures vanquished.

Notes
Turn   | Place    | Note
-------+----------+-------------------------------------------
     0 | D:1      | Revguard the Demonspawn Gladiator began the quest for the
                  | Orb.
     0 | D:1      | Reached XP level 1. HP: 16/16 MP: 1/1
    95 | D:1      | Gained mutation: You are surrounded by a mild repulsion
                  | field. (EV +2) [demonic ancestry]
    95 | D:1      | Reached XP level 2. HP: 22/22 MP: 2/2
   335 | D:1      | Reached skill level 3 in Long Blades
   544 | D:1      | Reached XP level 3. HP: 21/27 MP: 2/4
   549 | D:1      | Reached skill level 1 in Armour
   549 | D:1      | Reached skill level 1 in Spellcasting
   944 | D:2      | Found a runed translucent door.
   945 | D:2      | Noticed Crazy Yiuf
   982 | D:2      | Noticed Sigmund
  1001 | D:2      | Killed Sigmund
  1002 | D:2      | Reached skill level 4 in Long Blades
  1002 | D:2      | Reached XP level 4. HP: 17/34 MP: 4/6
  1002 | D:2      | Gained mutation: You are immune to miasma. [demonic
                  | ancestry]
  1002 | D:2      | Reached XP level 5. HP: 20/39 MP: 4/7
  1687 | D:2      | Killed Crazy Yiuf
  1744 | D:3      | Gained mutation: You have sharp toenails. [demonic
                  | ancestry]
  1744 | D:3      | Reached XP level 6. HP: 46/46 MP: 9/9
  1747 | D:3      | Cast into level 1 of the Abyss (orc)
  1764 | Abyss:1  | Noticed a red very ugly thing
  1767 | Abyss:1  | Noticed a red very ugly thing
  1768 | Abyss:1  | Noticed a red very ugly thing
  1787 | Abyss:1  | Noticed a large abomination
  1794 | Abyss:1  | Noticed an apocalypse crab
  1802 | D:3      | Escaped the Abyss
  1816 | D:3      | Killed an apocalypse crab
  1817 | D:3      | Reached skill level 5 in Long Blades
  1817 | D:3      | Reached XP level 7. HP: 13/51 MP: 9/11
  1859 | D:3      | Gained mutation: Your magical capacity is low. (-10% MP)
                  | [mutagenic glow]
  2730 | D:3      | Found a shadowy altar of Dithmenos.
  3861 | D:4      | Learned a level 1 spell: Corona
  4079 | D:4      | Reached XP level 8. HP: 14/58 MP: 11/11
  4544 | D:4      | Reached skill level 1 in Hexes
  4606 | D:4      | Found an opulent altar of Gozag.
  4607 | D:4      | Found a sacrificial altar of Ru.
  4739 | D:5      | Entered Level 5 of the Dungeon
  4744 | D:5      | Found a staircase to the Ecumenical Temple.
  4755 | Temple   | Entered the Ecumenical Temple
  4968 | Temple   | Became a worshipper of Warmaster Okawaru
  5509 | D:5      | Reached skill level 1 in Evocations
  5740 | D:5      | Reached skill level 1 in Stealth
  5875 | D:5      | Reached skill level 6 in Long Blades
  5893 | D:5      | Reached skill level 1 in Invocations
  6118 | D:5      | Found a white marble altar of Elyvilon.
  6443 | D:5      | Gained mutation: You are surrounded by a moderate repulsion
                  | field. (EV +3) [demonic ancestry]
  6443 | D:5      | Reached XP level 9. HP: 64/64 MP: 13/13
  6627 | D:5      | Found an ancient bone altar of Kikubaaqudgha.
  6674 | D:5      | Found a shadowy altar of Dithmenos.
  6684 | D:5      | Reached skill level 5 in Armour
  6887 | D:6      | Reached skill level 5 in Dodging
  6891 | D:6      | Slain by an orc warrior

Illustrated notes

Levels and vault maps discovered:
D:1:      moated_graveyard_arrival, layout_basic, minmay_tetromino_l4
D:2:      layout_rooms, uniq_sigmund, uniq_crazy_yiuf_cottage
D:3:      layout_basic, grunt_dithmenos_smoke_and_mirrors
D:4:      layout_loops_cross, minitemple, amcnicky_mini_pool_small
D:5:      layout_cave_pools, kennysheep_mini_moat, marbit_many_paths,
          old_standard_altar, minmay_temple_entry_drinking_statues,
          serial_gnoll_camp, gnoll_camp_mini_hut, gnoll_camp_mini_loothouse,
          gnoll_camp_huts_moat, gnoll_camp_mini_house, gup_sewer_entry_pipe,
          minmay_a_box_with_orc_wizards_in_it
D:6:      layout_cave_pools
Temple:   dpeg_chambers_temple

Skill      XL: |  1  2  3  4  5  6  7  8  9 |
---------------+----------------------------+-----
Long Blades    | 3 4 5 6 |  6.5
Dodging        | 3 4 5 |  5.0
Armour         | 1 2 3 4 5 |  5.0
Spellcasting   | 1 2 3 |  3.9
Fighting       | 3 |  3.7
Hexes          | 2 |  2.6
Evocations     | 2 |  2.3
Stealth        | 1 |  1.3
Invocations    | 1 2 |  2.0
Throwing       | |  1.7

Action                   |  1- 3 |  4- 6 |  7- 9 || total
-------------------------+-------+-------+-------++-------
Melee: Long sword        |    87 |    58 |   417 ||   562
Throw: Throwing net      |       |       |     2 ||     2
 Cast: Corona            |       |       |     2 ||     2
Evoke: Wand              |       |       |     1 ||     1
  Use: Scroll            |     5 |       |     5 ||    10
       Potion            |     3 |       |     4 ||     7
 Stab: Sleeping          |     1 |       |     2 ||     3
       Paralysed         |       |     1 |       ||     1
       Held in net/web   |       |       |     4 ||     4
Armor: Leather armour    |    25 |     3 |       ||    28
       Ring mail         |       |    28 |   211 ||   239
Dodge: Dodged            |   110 |    96 |   481 ||   687
       Rpst.: Long sword |    38 |    20 |   140 ||   198
